AoeStats
← BouncyBear

Arena

509492997Analyzed
1v1 RM · 5d ago on Sep 27, 2026· 32m 40s· 2 players
Game mode
Random Map
Map size
Tiny (2 player)
Population
200
Speed
Normal
Resources
Standard
Victory
Conquest
Starting age
Dark Age
Ending age
Imperial Age
RankedLock teamsTeams togetherTeam positionsShared explorationLock speedFull tech treeHidden civsTurbo modeCheats
Victory
Defeat
🇹🇷 Franks · Türkiye
1437
+17
🇩🇰 Turks · Denmark
1466
-17
mülayim sert
10:07 Feudal Age
14:20 Castle Age
12:42 Double-Bit Axe
16:14 Bow Saw
21:16 Wheelbarrow
21:13 Gold Mining
22:55 Scale Barding Armor
23:20 Forging
23:36 Husbandry
24:26 Chain Barding Armor
28:34 Hand Cart
28:05 Loom
29:39 Gold Shaft Mining
30:22 Iron Casting
35:38 Imperial Age
BouncyBear
10:09 Feudal Age
11:15 Feudal Age
12:40 Double-Bit Axe
15:23 Castle Age
14:41 Horse Collar
21:55 Imperial Age
19:23 Gold Mining
20:58 Wheelbarrow
20:54 Bow Saw
22:08 Gold Shaft Mining
22:52 Wheelbarrow
Connection lost

Rejoining the realm…

Still unreachable

The connection could not be restored.

Session expired

The server has moved on; the page needs a fresh start.